Pick #1

Connor Bedard
Pick #2

Leo Carlsson
Pick #3

Adam Fantilli
Pick #4

Matvei Michkov
Pick #5

David Reinbacher
Pick #6

William Smith
Pick #7

Zachary Benson
Pick #8

Ryan Leonard
Pick #9

Gabriel Perreault
Pick #10

Axel Sandin-Pellika
Pick #11

Daniil But
Pick #12

Dalibor Dvorsky
Pick #13

Quentin Musty
Pick #14

Brayden Yager
Pick #15

Dmitry Simashev
Pick #16

Colby Barlow
Pick #17

Andrew Cristall
Pick #18

Easton Cowan
Pick #19

Jacob Fowler
Pick #20

Oliver Moore
Pick #21

Oliver Bonk
Pick #22

Tom Willander
Pick #23

Calum Ritchie
Pick #24

Tanner Molendyk
Pick #25

Gavin Brindley
Pick #26

Nate Danielson
Pick #27

Pick #28

Pick #29

Pick #30

Pick #31

Pick #32

Pick #33

Pick #34

Pick #35

Pick #36

Pick #37

Pick #38

Pick #39

Pick #40

Pick #41

Pick #42

Pick #43

Pick #44

Pick #45

Pick #46

Pick #47

Pick #48

Pick #49

Pick #50

Pick #51

Pick #52

Pick #53

Pick #54

Pick #55

Pick #56

Pick #57

Pick #58

Pick #59

Pick #60

Pick #61

Pick #62

Pick #63

Pick #64

Pick #65

Pick #66

Pick #67

Pick #68

Pick #69

Pick #70

Pick #71

Pick #72

Pick #73

Pick #74

Pick #75

Pick #76

Pick #77

Pick #78

Pick #79

Pick #80

Pick #81

Pick #82

Pick #83

Pick #84

Pick #85

Pick #86

Pick #87

Pick #88

Pick #89

Pick #90

Pick #91

Pick #92

Pick #93

Pick #94

Pick #95

Pick #96

Pick #97

Pick #98

Pick #99

Pick #100

Pick #101

Pick #102

Pick #103

Pick #104

Pick #105

Pick #106

Pick #107

Pick #108

Pick #109

Pick #110

Pick #111

Pick #112

Pick #113

Pick #114

Pick #115

Pick #116

Pick #117

Pick #118

Pick #119

Pick #120

Pick #121

Pick #122

Pick #123

Pick #124

Pick #125

Pick #126

Pick #127

Pick #128

Pick #129

Pick #130

Full Scoreboard »»

Devils vs Ducks

Created - January 23, 2024 at 08:46

Goals
1 2 3 T
Devils 0 0 2 2
Ducks 1 1 2 4
Shots
1 2 3 T
Devils 7 12 7 26
Ducks 5 7 17 29

GoalsPenalties
1st period
1. Ducks , Adam Fox 6 (Phillip Danault 20, Claude Giroux 8) at 19:55 (PP)
Rasmus Dahlin (ANA) for High sticking (Minor) at 11:54
Dylan Cozens (NJD) for Hooking (Minor) at 18:10
2nd period
2. Ducks , Adam Fox 7 (Rasmus Dahlin 26, Patrick Kane 11) at 10:15 (PP)
Erik Gustafsson (NJD) for Tripping (Minor) at 9:14
Brayden McNabb (ANA) for Unsportsmanlike conduct (Minor) at 12:08
Nino Niederreiter (NJD) for Hooking (Minor) at 12:08
3rd period
3. Devils , Mikhail Sergachev 7 (Sam Reinhart 30, Travis Konecny 15) at 3:27 (PP)
4. Ducks , Claude Giroux 6 (Moritz Seider 20) at 6:29
5. Devils , Dylan Cozens 5 (Urho Vaakanainen 7) at 10:10
6. Ducks , Claude Giroux 7 (Adam Fox 28, Rasmus Dahlin 27) at 14:25
Jason Robertson (ANA) for Tripping (Minor) at 2:59
Moritz Seider (ANA) for Hooking (Minor) at 7:39
Rasmus Dahlin (ANA) for High sticking (Minor) at 18:57
Goalie Stats
Filip Gustavsson (NJD), 25 saves from 29 shots - (0.862), L, 10-6-0, 60:00 minutes
Frederik Andersen (ANA), 24 saves from 26 shots - (0.923), W, 22-16-3, 60:00 minutes
3 StarsOfficial
1 - Claude Giroux (ANA)
2 - Adam Fox (ANA)
3 - Mikhail Sergachev (NJD)
Referees : Tim Mayer and Ian Walsh
Linesman : Travis Gawryletz and Tony Sericolo
Game Note
Dougie Hamilton is injured at 1:41 of 2nd period (Lower Body)
Finance
Level 1 -- Attendance: 5814 (89.45%) -- Ticket Income $639,540
Level 2 -- Attendance: 4444 (88.88%) -- Ticket Income $333,300
Level 3 -- Attendance: 2600 (100.00%) -- Ticket Income $145,600
Level 4 -- Attendance: 2074 (100.00%) -- Ticket Income $82,960
Luxury Box -- Attendance: 878 (87.80%) -- Ticket Income $174,722
Game was played at the Honda Center.
Total Attendance: 15810 (92.06%)
Total Ticket Income: $1,376,122
Other Income: $344,030
Total Income: $1,720,152



Team Name Goals Shots Shots Attemp Shots Blocked PIM HIT PP PK FO%
Devils 2265496261 / 4 (25%)248%
Ducks 429601010242 / 2 (100%)152%

Devils
Player Name POS G A P +/- PIM HIT SHT SB MP PP MP PP SHT PK MP PK SHT FO% FOT
Chris KreiderLW0000014020:163:1010:0000% 0
Damon SeversonD0000040124:112:4200:4700% 0
Dominik KubalikLW000-200205:310:0000:0000% 1
Dougie HamiltonD000001018:450:4201:2500% 0
Dylan CozensC1010224016:270:0001:01018% 22
Erik GustafssonD0000221022:302:4200:2000% 0
Evgeni MalkinC0000010018:392:1801:02077% 13
Justin SchultzD0000000225:162:0402:2600% 0
Kyle OkposoRW000-100007:310:0002:2600% 1
Mathieu JosephRW0000011115:470:0000:200100% 2
Matt BoldyLW0000002017:012:1800:0000% 0
Mike HoffmanLW0000002015:270:0000:000100% 1
Mikhail SergachevD101-1073323:052:4620:3400% 0
Nicklas BackstromC000-100005:120:0000:43050% 4
Nino NiederreiterRW0000221017:002:1800:00050% 2
Sam ReinhartC0110004019:413:1000:00056% 27
Travis KonecnyRW0110012018:183:1000:00050% 2
Urho VaakanainenD0110040114:350:0000:0000% 0
Ducks
Player Name POS G A P +/- PIM HIT SHT SB MP PP MP PP SHT PK MP PK SHT FO% FOT
Adam FoxD2131004025:221:5532:4400% 0
Adrian KempeRW0000025021:531:0513:19022% 9
Brayden McNabbD0000230011:360:0000:3900% 0
Claude GirouxRW2132044018:381:4100:0000% 1
Jason RobertsonLW0000202021:241:0522:51033% 3
Joe PavelskiC0000033016:160:0000:00055% 22
Mats ZuccarelloRW000000005:530:0000:0000% 0
Moritz SeiderD0110250422:210:5101:2600% 0
Nikolaj EhlersLW000000105:530:0000:000100% 1
Patrick KaneRW011-1001012:421:0500:56040% 5
Phillip DanaultC0112024021:051:4101:41071% 17
Pierre-Luc DuboisLW000-1001011:090:0000:2800% 0
Rasmus DahlinD0221442323:591:5501:2300% 0
Ryan McDonaghD0000000113:120:0002:1400% 0
Travis BoydC000-1001010:410:0000:00058% 12
Tyson BarrieD0000010223:260:5102:3000% 0
Zach HymanLW0002001021:051:4101:4100% 2
Zack MacEwenC000000005:530:0000:00067% 3



Play-by-Play

1st period


0:01 of 1st period - Sam Reinhart wins face-off versus Joe Pavelski in neutral zone.
1:31 of 1st period - Evgeni Malkin is hit by Moritz Seider and loses puck.
2:27 of 1st period - Dylan Cozens is hit by Moritz Seider and loses puck.
3:02 of 1st period - Shot by Dominik Kubalik.
3:02 of 1st period - Shot Misses the Net.
3:09 of 1st period - Kyle Okposo is hit by Tyson Barrie and loses puck.
3:29 of 1st period - Chris Kreider is hit by Claude Giroux and loses puck.
3:45 of 1st period - Travis Konecny is hit by Moritz Seider and loses puck.
3:55 of 1st period - Shot by Sam Reinhart.
3:55 of 1st period - Shot Misses the Net.
4:12 of 1st period - Off-side.
4:13 of 1st period - Travis Boyd wins face-off versus Dylan Cozens in neutral zone.
4:44 of 1st period - Shot by Mathieu Joseph.
4:44 of 1st period - Stopped by Frederik Andersen without a rebound.
4:45 of 1st period - Joe Pavelski wins face-off versus Nino Niederreiter in Ducks zone.
5:04 of 1st period - Shot by Adrian Kempe.
5:04 of 1st period - Stopped by Filip Gustavsson with a rebound.
5:13 of 1st period - Jason Robertson is hit by Mikhail Sergachev and loses puck.
5:30 of 1st period - Shot by Matt Boldy.
5:30 of 1st period - Stopped by Frederik Andersen without a rebound.
5:31 of 1st period - Zack MacEwen wins face-off versus Dylan Cozens in Ducks zone.
5:44 of 1st period - Shot by Dylan Cozens.
5:44 of 1st period - Shot Misses the Net.
5:57 of 1st period - Shot by Dylan Cozens.
5:57 of 1st period - Shot Misses the Net.
8:13 of 1st period - Shot by Adrian Kempe.
8:13 of 1st period - Stopped by Filip Gustavsson without a rebound.
8:14 of 1st period - Travis Boyd wins face-off versus Dylan Cozens in Devils zone.
8:14 of 1st period - Travis Boyd is hit by Urho Vaakanainen.
8:31 of 1st period - Travis Boyd is hit by Urho Vaakanainen and loses puck.
8:38 of 1st period - Shot by Patrick Kane.
8:38 of 1st period - Shot Misses the Net.
8:44 of 1st period - Shot by Pierre-Luc Dubois.
8:44 of 1st period - Stopped by Filip Gustavsson without a rebound.
8:45 of 1st period - Joe Pavelski wins face-off versus Sam Reinhart in Devils zone.
9:48 of 1st period - Shot by Evgeni Malkin.
9:48 of 1st period - Shot Blocked by Moritz Seider.
9:50 of 1st period - Shot by Mikhail Sergachev.
9:50 of 1st period - Shot Blocked by Moritz Seider.
9:52 of 1st period - Shot by Nino Niederreiter.
9:52 of 1st period - Stopped by Frederik Andersen without a rebound.
9:53 of 1st period - Travis Boyd wins face-off versus Dylan Cozens in Ducks zone.
11:16 of 1st period - Evgeni Malkin is hit by Phillip Danault and loses puck.
11:54 of 1st period - Minor Penalty to Rasmus Dahlin for High sticking.
11:55 of 1st period - Sam Reinhart wins face-off versus Jason Robertson in Ducks zone.
11:58 of 1st period - Shot by Sam Reinhart.
11:58 of 1st period - Shot Blocked by Moritz Seider.
12:19 of 1st period - Chris Kreider is hit by Moritz Seider and loses puck.
14:02 of 1st period - Icing by Zack MacEwen.
14:03 of 1st period - Mike Hoffman wins face-off versus Zack MacEwen in Ducks zone.
14:34 of 1st period - Shot by Mathieu Joseph.
14:34 of 1st period - Shot Blocked by Tyson Barrie.
14:36 of 1st period - Shot by Mike Hoffman.
14:36 of 1st period - Stopped by Frederik Andersen with a rebound.
14:38 of 1st period - Shot by Justin Schultz.
14:38 of 1st period - Shot Misses the Net.
15:24 of 1st period - Shot by Dominik Kubalik.
15:24 of 1st period - Stopped by Frederik Andersen without a rebound.
15:25 of 1st period - Evgeni Malkin wins face-off versus Joe Pavelski in Ducks zone.
15:34 of 1st period - Shot by Matt Boldy.
15:34 of 1st period - Shot Misses the Net.
15:41 of 1st period - Matt Boldy is hit by Rasmus Dahlin and loses puck.
16:33 of 1st period - Shot by Claude Giroux.
16:33 of 1st period - Shot Misses the Net.
16:46 of 1st period - Zach Hyman is hit by Damon Severson.
17:13 of 1st period - Off-side.
17:14 of 1st period - Sam Reinhart wins face-off versus Patrick Kane in neutral zone.
17:30 of 1st period - Shot by Chris Kreider.
17:30 of 1st period - Shot Blocked by Rasmus Dahlin.
17:32 of 1st period - Shot by Sam Reinhart.
17:32 of 1st period - Shot Blocked by Rasmus Dahlin.
17:34 of 1st period - Shot by Travis Konecny.
17:34 of 1st period - Stopped by Frederik Andersen with a rebound.
17:48 of 1st period - Shot by Travis Konecny.
17:48 of 1st period - Shot Misses the Net.
17:50 of 1st period - Shot by Sam Reinhart.
17:50 of 1st period - Stopped by Frederik Andersen without a rebound.
17:51 of 1st period - Joe Pavelski wins face-off versus Dylan Cozens in Ducks zone.
17:51 of 1st period - Joe Pavelski is hit by Dylan Cozens.
18:10 of 1st period - Minor Penalty to Dylan Cozens for Hooking.
18:11 of 1st period - Nicklas Backstrom wins face-off versus Phillip Danault in Devils zone.
18:11 of 1st period - Nicklas Backstrom is hit by Claude Giroux.
19:35 of 1st period - Shot by Jason Robertson.
19:35 of 1st period - Stopped by Filip Gustavsson without a rebound.
19:36 of 1st period - Nicklas Backstrom wins face-off versus Zach Hyman in Devils zone.
19:55 of 1st period - Shot by Adam Fox.
19:55 of 1st period - Goal by Adam Fox - Devils : 0 - Ducks : 1.
19:56 of 1st period - Nikolaj Ehlers wins face-off versus Sam Reinhart in neutral zone.
Goals for this period are 0 for Devils vs 1 for Ducks.
Shots for this period are 7 for Devils vs 5 for Ducks.

2nd period


0:01 of 2nd period - Joe Pavelski wins face-off versus Sam Reinhart in neutral zone.
0:06 of 2nd period - Mikhail Sergachev is hit by Adrian Kempe and loses puck.
0:21 of 2nd period - Shot by Chris Kreider.
0:21 of 2nd period - Stopped by Frederik Andersen without a rebound.
0:22 of 2nd period - Phillip Danault wins face-off versus Dylan Cozens in Ducks zone.
1:03 of 2nd period - Shot by Dylan Cozens.
1:03 of 2nd period - Stopped by Frederik Andersen with a rebound.
1:05 of 2nd period - Shot by Urho Vaakanainen.
1:05 of 2nd period - Deflect By Dylan Cozens.
1:05 of 2nd period - Stopped by Frederik Andersen without a rebound.
1:06 of 2nd period - Sam Reinhart wins face-off versus Joe Pavelski in Ducks zone.
1:11 of 2nd period - Shot by Chris Kreider.
1:11 of 2nd period - Stopped by Frederik Andersen with a rebound.
1:16 of 2nd period - Rasmus Dahlin is hit by Dougie Hamilton and loses puck.
1:41 of 2nd period - Shot by Adam Fox.
1:41 of 2nd period - Shot Blocked by Dougie Hamilton.
1:41 of 2nd period - Dougie Hamilton from Devils is injured at 1:41 of 2nd period (Lower Body).
1:42 of 2nd period - Evgeni Malkin wins face-off versus Travis Boyd in Devils zone.
2:27 of 2nd period - Shot by Travis Boyd.
2:27 of 2nd period - Shot Misses the Net.
2:58 of 2nd period - Claude Giroux is hit by Mikhail Sergachev and loses puck.
3:01 of 2nd period - Shot by Phillip Danault.
3:01 of 2nd period - Deflect By Claude Giroux.
3:01 of 2nd period - Shot Misses the Net.
4:16 of 2nd period - Sam Reinhart is hit by Joe Pavelski and loses puck.
4:54 of 2nd period - Shot by Dominik Kubalik.
4:54 of 2nd period - Stopped by Frederik Andersen without a rebound.
4:55 of 2nd period - Evgeni Malkin wins face-off versus Patrick Kane in Ducks zone.
5:03 of 2nd period - Travis Boyd is hit by Mikhail Sergachev and loses puck.
5:56 of 2nd period - Shot by Nikolaj Ehlers.
5:56 of 2nd period - Deflect By Mats Zuccarello.
5:56 of 2nd period - Shot Misses the Net.
5:58 of 2nd period - Shot by Mats Zuccarello.
5:58 of 2nd period - Shot Misses the Net.
6:16 of 2nd period - Shot by Nikolaj Ehlers.
6:16 of 2nd period - Shot Blocked by Urho Vaakanainen.
6:47 of 2nd period - Nikolaj Ehlers is hit by Travis Konecny and loses puck.
8:31 of 2nd period - Shot by Nicklas Backstrom.
8:31 of 2nd period - Shot Misses the Net.
8:33 of 2nd period - Shot by Chris Kreider.
8:33 of 2nd period - Shot Blocked by Ryan McDonagh.
8:35 of 2nd period - Shot by Chris Kreider.
8:35 of 2nd period - Stopped by Frederik Andersen without a rebound.
8:36 of 2nd period - Dylan Cozens wins face-off versus Travis Boyd in Ducks zone.
8:47 of 2nd period - Shot by Dylan Cozens.
8:47 of 2nd period - Shot Misses the Net.
8:49 of 2nd period - Shot by Mike Hoffman.
8:49 of 2nd period - Stopped by Frederik Andersen without a rebound.
8:50 of 2nd period - Evgeni Malkin wins face-off versus Joe Pavelski in Ducks zone.
9:01 of 2nd period - Shot by Matt Boldy.
9:01 of 2nd period - Shot Blocked by Tyson Barrie.
9:06 of 2nd period - Jason Robertson is hit by Nino Niederreiter and loses puck.
9:14 of 2nd period - Minor Penalty to Erik Gustafsson for Tripping.
9:15 of 2nd period - Phillip Danault wins face-off versus Kyle Okposo in Devils zone.
9:22 of 2nd period - Shot by Adam Fox.
9:22 of 2nd period - Shot Blocked by Justin Schultz.
9:46 of 2nd period - Shot by Rasmus Dahlin.
9:46 of 2nd period - Shot Blocked by Mikhail Sergachev.
9:48 of 2nd period - Shot by Adam Fox.
9:48 of 2nd period - Stopped by Filip Gustavsson without a rebound.
9:49 of 2nd period - Patrick Kane wins face-off versus Dylan Cozens in Devils zone.
9:50 of 2nd period - Shot by Adrian Kempe.
9:50 of 2nd period - Stopped by Filip Gustavsson without a rebound.
9:51 of 2nd period - Patrick Kane wins face-off versus Dylan Cozens in Devils zone.
9:52 of 2nd period - Shot by Tyson Barrie.
9:52 of 2nd period - Deflect By Jason Robertson.
9:52 of 2nd period - Stopped by Filip Gustavsson without a rebound.
9:53 of 2nd period - Dylan Cozens wins face-off versus Patrick Kane in Devils zone.
9:53 of 2nd period - Dylan Cozens is hit by Adrian Kempe.
10:13 of 2nd period - Shot by Rasmus Dahlin.
10:13 of 2nd period - Shot Blocked by Damon Severson.
10:15 of 2nd period - Shot by Adam Fox.
10:15 of 2nd period - Goal by Adam Fox - Devils : 0 - Ducks : 2.
10:16 of 2nd period - Sam Reinhart wins face-off versus Zach Hyman in neutral zone.
10:21 of 2nd period - Shot by Sam Reinhart.
10:21 of 2nd period - Stopped by Frederik Andersen with a rebound.
10:23 of 2nd period - Shot by Mikhail Sergachev.
10:23 of 2nd period - Shot Blocked by Moritz Seider.
10:25 of 2nd period - Shot by Sam Reinhart.
10:25 of 2nd period - Shot Misses the Net.
10:40 of 2nd period - Tyson Barrie is hit by Mikhail Sergachev and loses puck.
11:25 of 2nd period - Shot by Matt Boldy.
11:25 of 2nd period - Shot Misses the Net.
11:39 of 2nd period - Shot by Adrian Kempe.
11:39 of 2nd period - Stopped by Filip Gustavsson with a rebound.
11:47 of 2nd period - Shot by Jason Robertson.
11:47 of 2nd period - Shot Misses the Net.
11:49 of 2nd period - Shot by Joe Pavelski.
11:49 of 2nd period - Shot Misses the Net.
12:08 of 2nd period - Minor Penalty to Brayden McNabb for Unsportsmanlike conduct.
12:08 of 2nd period - Minor Penalty to Nino Niederreiter for Hooking.
12:09 of 2nd period - Sam Reinhart wins face-off versus Adrian Kempe in Ducks zone.
12:25 of 2nd period - Icing by Damon Severson.
12:26 of 2nd period - Phillip Danault wins face-off versus Sam Reinhart in Devils zone.
13:34 of 2nd period - Shot by Evgeni Malkin.
13:34 of 2nd period - Shot Misses the Net.
13:37 of 2nd period - Icing by Moritz Seider.
13:38 of 2nd period - Sam Reinhart wins face-off versus Adrian Kempe in Ducks zone.
13:51 of 2nd period - Shot by Sam Reinhart.
13:51 of 2nd period - Stopped by Frederik Andersen with a rebound.
13:53 of 2nd period - Shot by Erik Gustafsson.
13:53 of 2nd period - Stopped by Frederik Andersen with a rebound.
13:55 of 2nd period - Shot by Mikhail Sergachev.
13:55 of 2nd period - Stopped by Frederik Andersen with a rebound.
14:25 of 2nd period - Shot by Nikolaj Ehlers.
14:25 of 2nd period - Shot Misses the Net.
14:35 of 2nd period - Shot by Brayden McNabb.
14:35 of 2nd period - Shot Misses the Net.
14:40 of 2nd period - Off-side.
14:41 of 2nd period - Phillip Danault wins face-off versus Nicklas Backstrom in neutral zone.
15:03 of 2nd period - Off-side.
15:04 of 2nd period - Evgeni Malkin wins face-off versus Travis Boyd in neutral zone.
15:23 of 2nd period - Shot by Evgeni Malkin.
15:23 of 2nd period - Shot Misses the Net.
16:13 of 2nd period - Adam Fox is hit by Mikhail Sergachev.
16:22 of 2nd period - Shot by Phillip Danault.
16:22 of 2nd period - Stopped by Filip Gustavsson without a rebound.
16:23 of 2nd period - Joe Pavelski wins face-off versus Sam Reinhart in Devils zone.
16:28 of 2nd period - Shot by Joe Pavelski.
16:28 of 2nd period - Stopped by Filip Gustavsson without a rebound.
16:29 of 2nd period - Joe Pavelski wins face-off versus Dylan Cozens in Devils zone.
16:29 of 2nd period - Jason Robertson is hit by Mikhail Sergachev.
17:52 of 2nd period - Icing by Rasmus Dahlin.
17:53 of 2nd period - Evgeni Malkin wins face-off versus Phillip Danault in Ducks zone.
18:00 of 2nd period - Shot by Nino Niederreiter.
18:00 of 2nd period - Shot Blocked by Rasmus Dahlin.
18:34 of 2nd period - Icing by Moritz Seider.
18:35 of 2nd period - Travis Boyd wins face-off versus Dylan Cozens in Ducks zone.
18:42 of 2nd period - Shot by Mikhail Sergachev.
18:42 of 2nd period - Shot Misses the Net.
18:53 of 2nd period - Icing by Moritz Seider.
18:54 of 2nd period - Sam Reinhart wins face-off versus Travis Boyd in Ducks zone.
19:26 of 2nd period - Icing by Patrick Kane.
19:27 of 2nd period - Travis Boyd wins face-off versus Dylan Cozens in Ducks zone.
19:31 of 2nd period - Icing by Moritz Seider.
19:32 of 2nd period - Travis Boyd wins face-off versus Dylan Cozens in Ducks zone.
19:34 of 2nd period - Patrick Kane is hit by Dylan Cozens and loses puck.
19:49 of 2nd period - Shot by Dylan Cozens.
19:49 of 2nd period - Shot Misses the Net.
19:51 of 2nd period - Shot by Dylan Cozens.
19:51 of 2nd period - Stopped by Frederik Andersen without a rebound.
19:52 of 2nd period - Sam Reinhart wins face-off versus Joe Pavelski in Ducks zone.
Goals for this period are 0 for Devils vs 1 for Ducks.
Shots for this period are 12 for Devils vs 7 for Ducks.

3rd period


0:01 of 3rd period - Joe Pavelski wins face-off versus Travis Konecny in neutral zone.
0:10 of 3rd period - Shot by Jason Robertson.
0:10 of 3rd period - Deflect By Adrian Kempe.
0:10 of 3rd period - Shot Hit the Post.
0:12 of 3rd period - Shot by Adam Fox.
0:12 of 3rd period - Stopped by Filip Gustavsson without a rebound.
0:13 of 3rd period - Phillip Danault wins face-off versus Dylan Cozens in Devils zone.
0:13 of 3rd period - Moritz Seider is hit by Damon Severson and loses puck.
0:16 of 3rd period - Shot by Phillip Danault.
0:16 of 3rd period - Shot Misses the Net.
0:36 of 3rd period - Icing by Damon Severson.
0:37 of 3rd period - Dylan Cozens wins face-off versus Joe Pavelski in Devils zone.
0:42 of 3rd period - Adrian Kempe is hit by Mathieu Joseph and loses puck.
1:16 of 3rd period - Rasmus Dahlin is hit by Erik Gustafsson and loses puck.
1:22 of 3rd period - Icing by Mathieu Joseph.
1:23 of 3rd period - Mathieu Joseph wins face-off versus Phillip Danault in Devils zone.
1:23 of 3rd period - Mathieu Joseph is hit by Phillip Danault.
1:28 of 3rd period - Icing by Damon Severson.
1:29 of 3rd period - Dylan Cozens wins face-off versus Phillip Danault in Devils zone.
1:45 of 3rd period - Icing by Travis Konecny.
1:46 of 3rd period - Travis Konecny wins face-off versus Travis Boyd in Devils zone.
2:07 of 3rd period - Shot by Chris Kreider.
2:07 of 3rd period - Shot Misses the Net.
2:21 of 3rd period - Shot by Sam Reinhart.
2:21 of 3rd period - Shot Misses the Net.
2:23 of 3rd period - Shot by Sam Reinhart.
2:23 of 3rd period - Stopped by Frederik Andersen without a rebound.
2:24 of 3rd period - Joe Pavelski wins face-off versus Evgeni Malkin in Ducks zone.
2:24 of 3rd period - Joe Pavelski is hit by Evgeni Malkin.
2:59 of 3rd period - Minor Penalty to Jason Robertson for Tripping.
3:00 of 3rd period - Sam Reinhart wins face-off versus Adrian Kempe in Ducks zone.
3:05 of 3rd period - Shot by Chris Kreider.
3:05 of 3rd period - Stopped by Frederik Andersen without a rebound.
3:06 of 3rd period - Sam Reinhart wins face-off versus Adrian Kempe in Ducks zone.
3:06 of 3rd period - Mikhail Sergachev is hit by Rasmus Dahlin and loses puck.
3:27 of 3rd period - Shot by Mikhail Sergachev.
3:27 of 3rd period - Goal by Mikhail Sergachev - Devils : 1 - Ducks : 2.
3:28 of 3rd period - Phillip Danault wins face-off versus Dylan Cozens in neutral zone.
3:31 of 3rd period - Shot by Tyson Barrie.
3:31 of 3rd period - Shot Misses the Net.
4:05 of 3rd period - Icing by Moritz Seider.
4:06 of 3rd period - Sam Reinhart wins face-off versus Phillip Danault in Ducks zone.
4:06 of 3rd period - Travis Konecny is hit by Moritz Seider and loses puck.
4:15 of 3rd period - Shot by Phillip Danault.
4:15 of 3rd period - Stopped by Filip Gustavsson without a rebound.
4:16 of 3rd period - Evgeni Malkin wins face-off versus Joe Pavelski in Devils zone.
5:20 of 3rd period - Pierre-Luc Dubois is hit by Nino Niederreiter and loses puck.
5:34 of 3rd period - Sam Reinhart is hit by Brayden McNabb and loses puck.
5:46 of 3rd period - Chris Kreider is hit by Brayden McNabb and loses puck.
6:29 of 3rd period - Shot by Claude Giroux.
6:29 of 3rd period - Goal by Claude Giroux - Devils : 1 - Ducks : 3.
6:30 of 3rd period - Phillip Danault wins face-off versus Dominik Kubalik in neutral zone.
6:33 of 3rd period - Kyle Okposo is hit by Claude Giroux.
6:49 of 3rd period - Shot by Claude Giroux.
6:49 of 3rd period - Shot Misses the Net.
6:51 of 3rd period - Shot by Rasmus Dahlin.
6:51 of 3rd period - Stopped by Filip Gustavsson without a rebound.
6:52 of 3rd period - Joe Pavelski wins face-off versus Dylan Cozens in Devils zone.
7:01 of 3rd period - Shot by Adrian Kempe.
7:01 of 3rd period - Stopped by Filip Gustavsson without a rebound.
7:02 of 3rd period - Phillip Danault wins face-off versus Sam Reinhart in Devils zone.
7:07 of 3rd period - Shot by Zach Hyman.
7:07 of 3rd period - Shot Blocked by Justin Schultz.
7:09 of 3rd period - Shot by Phillip Danault.
7:09 of 3rd period - Stopped by Filip Gustavsson with a rebound.
7:17 of 3rd period - Shot by Phillip Danault.
7:17 of 3rd period - Stopped by Filip Gustavsson without a rebound.
7:18 of 3rd period - Mathieu Joseph wins face-off versus Joe Pavelski in Devils zone.
7:18 of 3rd period - Mathieu Joseph is hit by Joe Pavelski.
7:39 of 3rd period - Minor Penalty to Moritz Seider for Hooking.
7:40 of 3rd period - Adrian Kempe wins face-off versus Sam Reinhart in Ducks zone.
8:26 of 3rd period - Off-side.
8:27 of 3rd period - Phillip Danault wins face-off versus Evgeni Malkin in neutral zone.
8:37 of 3rd period - Off-side.
8:38 of 3rd period - Adrian Kempe wins face-off versus Evgeni Malkin in neutral zone.
9:18 of 3rd period - Shot by Mikhail Sergachev.
9:18 of 3rd period - Stopped by Frederik Andersen without a rebound.
9:19 of 3rd period - Sam Reinhart wins face-off versus Adrian Kempe in Ducks zone.
9:19 of 3rd period - Sam Reinhart is hit by Rasmus Dahlin.
10:10 of 3rd period - Shot by Dylan Cozens.
10:10 of 3rd period - Goal by Dylan Cozens - Devils : 2 - Ducks : 3.
10:11 of 3rd period - Phillip Danault wins face-off versus Sam Reinhart in neutral zone.
10:45 of 3rd period - Shot by Travis Konecny.
10:45 of 3rd period - Stopped by Frederik Andersen without a rebound.
10:46 of 3rd period - Evgeni Malkin wins face-off versus Jason Robertson in Ducks zone.
10:49 of 3rd period - Shot by Matt Boldy.
10:49 of 3rd period - Stopped by Frederik Andersen with a rebound.
11:18 of 3rd period - Shot by Joe Pavelski.
11:18 of 3rd period - Shot Misses the Net.
12:07 of 3rd period - Claude Giroux is hit by Damon Severson and loses puck.
13:08 of 3rd period - Shot by Patrick Kane.
13:08 of 3rd period - Stopped by Filip Gustavsson without a rebound.
13:09 of 3rd period - Joe Pavelski wins face-off versus Nicklas Backstrom in Devils zone.
13:09 of 3rd period - Adrian Kempe is hit by Urho Vaakanainen and loses puck.
13:31 of 3rd period - Nicklas Backstrom is hit by Brayden McNabb and loses puck.
13:49 of 3rd period - Jason Robertson is hit by Urho Vaakanainen.
14:25 of 3rd period - Shot by Claude Giroux.
14:25 of 3rd period - Goal by Claude Giroux - Devils : 2 - Ducks : 4.
14:26 of 3rd period - Travis Boyd wins face-off versus Sam Reinhart in neutral zone.
14:28 of 3rd period - Patrick Kane is hit by Erik Gustafsson and loses puck.
14:35 of 3rd period - Shot by Travis Boyd.
14:35 of 3rd period - Stopped by Filip Gustavsson without a rebound.
14:36 of 3rd period - Zack MacEwen wins face-off versus Dylan Cozens in Devils zone.
14:36 of 3rd period - Nikolaj Ehlers is hit by Damon Severson and loses puck.
14:45 of 3rd period - Shot by Nikolaj Ehlers.
14:45 of 3rd period - Shot Misses the Net.
15:01 of 3rd period - Shot by Mats Zuccarello.
15:01 of 3rd period - Deflect By Nikolaj Ehlers.
15:01 of 3rd period - Stopped by Filip Gustavsson without a rebound.
15:02 of 3rd period - Evgeni Malkin wins face-off versus Claude Giroux in Devils zone.
15:02 of 3rd period - Mikhail Sergachev is hit by Claude Giroux and loses puck.
15:13 of 3rd period - Shot by Phillip Danault.
15:13 of 3rd period - Shot Misses the Net.
15:15 of 3rd period - Shot by Moritz Seider.
15:15 of 3rd period - Shot Blocked by Mikhail Sergachev.
15:17 of 3rd period - Shot by Phillip Danault.
15:17 of 3rd period - Shot Blocked by Mikhail Sergachev.
15:21 of 3rd period - Shot by Claude Giroux.
15:21 of 3rd period - Shot Misses the Net.
15:37 of 3rd period - Shot by Claude Giroux.
15:37 of 3rd period - Stopped by Filip Gustavsson without a rebound.
15:38 of 3rd period - Sam Reinhart wins face-off versus Joe Pavelski in Devils zone.
15:38 of 3rd period - Travis Konecny is hit by Joe Pavelski and loses puck.
15:43 of 3rd period - Shot by Adrian Kempe.
15:43 of 3rd period - Shot Misses the Net.
15:45 of 3rd period - Shot by Rasmus Dahlin.
15:45 of 3rd period - Stopped by Filip Gustavsson without a rebound.
15:46 of 3rd period - Jason Robertson wins face-off versus Sam Reinhart in Devils zone.
16:05 of 3rd period - Shot by Joe Pavelski.
16:05 of 3rd period - Stopped by Filip Gustavsson without a rebound.
16:06 of 3rd period - Phillip Danault wins face-off versus Dylan Cozens in Devils zone.
16:48 of 3rd period - Shot by Phillip Danault.
16:48 of 3rd period - Shot Blocked by Mathieu Joseph.
16:50 of 3rd period - Shot by Zach Hyman.
16:50 of 3rd period - Stopped by Filip Gustavsson without a rebound.
16:51 of 3rd period - Evgeni Malkin wins face-off versus Joe Pavelski in Devils zone.
17:10 of 3rd period - Icing by Jason Robertson.
17:11 of 3rd period - Sam Reinhart wins face-off versus Adrian Kempe in Ducks zone.
17:19 of 3rd period - Icing by Adrian Kempe.
17:20 of 3rd period - Joe Pavelski wins face-off versus Sam Reinhart in Ducks zone.
17:20 of 3rd period - Joe Pavelski is hit by Chris Kreider.
17:33 of 3rd period - Icing by Mikhail Sergachev.
17:34 of 3rd period - Phillip Danault wins face-off versus Sam Reinhart in Devils zone.
18:13 of 3rd period - Claude Giroux is hit by Mikhail Sergachev and loses puck.
18:18 of 3rd period - Shot by Claude Giroux.
18:18 of 3rd period - Stopped by Filip Gustavsson without a rebound.
18:19 of 3rd period - Joe Pavelski wins face-off versus Dylan Cozens in Devils zone.
18:20 of 3rd period - Shot by Jason Robertson.
18:20 of 3rd period - Shot Misses the Net.
18:24 of 3rd period - Shot by Adrian Kempe.
18:24 of 3rd period - Shot Misses the Net.
18:26 of 3rd period - Shot by Adam Fox.
18:26 of 3rd period - Shot Misses the Net.
18:28 of 3rd period - Shot by Adrian Kempe.
18:28 of 3rd period - Deflect By Joe Pavelski.
18:28 of 3rd period - Stopped by Filip Gustavsson with a rebound.
18:35 of 3rd period - Damon Severson is hit by Rasmus Dahlin and loses puck.
18:57 of 3rd period - Minor Penalty to Rasmus Dahlin for High sticking.
18:58 of 3rd period - Nino Niederreiter wins face-off versus Adrian Kempe in Ducks zone.
19:03 of 3rd period - Shot by Evgeni Malkin.
19:03 of 3rd period - Deflect By Nino Niederreiter.
19:03 of 3rd period - Shot Misses the Net.
Goals for this period are 2 for Devils vs 2 for Ducks.
Shots for this period are 7 for Devils vs 17 for Ducks.